Map: Berlingrad LE

Players

Azlan

  • Race: Terran Terran
  • League: Diamond

Zharghar - Winner!

  • Race: Zerg Zerg

VOD

Have the link to the VOD?

Description

Time

  • Played on: May 1, 2022, 6:37 a.m.
  • Length: 25:15
Show
View Real Time Build Order
Export as new Build Order

Azlan Terran 

Build Orders: 1/1/1, Liberator Opening 

Get SALT Encoding   

  12  0:00  SCV  
  13  0:12  SCV  
  14  0:17  Supply Depot  
  14  0:26  SCV  
  15  0:30  Refinery  
  15  0:41  Barracks  
  15  0:46  SCV  
  16  0:55  Refinery  
  16  0:58  SCV  
  17  1:10  SCV  
  18  1:22  SCV  
  19  1:29  Factory  
  19  1:34  SCV  
  19  1:39  Supply Depot  
  20  1:46  SCV  
  21  1:59  SCV  
  22  2:11  SCV  
  22  2:14  Factory Reactor, Starport  
  23  2:23  SCV  
  23  2:24  Supply Depot  
  24  2:35  SCV  
  25  2:57  Liberator x2  
  31  3:00  Orbital Command  
  31  3:19  Command Center  
  31  3:39  SCV  
  31  3:40  Liberator  
  35  3:46  Liberator  
  38  3:51  SCV  
  39  3:56  Supply Depot  
  39  4:18  SCV  
  39  4:22  Liberator  
  40  4:30  SCV  
  41  4:35  SCV  
  42  4:42  SCV  
  40  4:46  Liberator  
  40  4:47  SCV  
  44  4:54  SCV  
  46  5:06  Refinery, SCV  
  46  5:10  Liberator  
  49  5:18  SCV x2  
  51  5:30  SCV x2  
  53  5:40  Refinery  
  53  5:42  SCV  
  54  5:43  SCV  
  55  5:55  SCV  
  54  5:58  Command Center  
  54  6:00  Engineering Bay  
  54  6:02  Orbital Command, Supply Depot  
  54  6:03  Supply Depot  
  53  6:04  Factory Tech Lab  
  53  6:07  SCV  
  53  6:09  Viking x2  
  58  6:18  Starport  
  58  6:19  SCV  
  59  6:29  SCV  
  59  6:31  SCV, Supply Depot  
  61  6:39  Viking  
  63  6:41  SCV  
  63  6:43  SCV  
  65  6:47  Barracks Reactor  
  65  6:53  SCV  
  66  6:55  SCV  
  66  6:56  Viking  
  66  6:57  Viking  
  66  6:59  Command Center  
  71  7:05  SCV  
  71  7:07  SCV  
  73  7:17  SCV  
  73  7:19  Planetary Fortress, SCV, Supply Depot  
  76  7:30  SCV  
  76  7:31  SCV  
  76  7:33  Armory x2  
  77  7:41  Command Center  
  77  7:42  SCV  
  77  7:43  SCV  
  79  7:54  SCV  
  79  7:55  Neosteel Armor  
  79  7:56  SCV  
  81  8:00  Missile Turret  
  81  8:05  Missile Turret  
  81  8:06  SCV  
  81  8:08  SCV  
  81  8:12  Missile Turret  
  83  8:13  Refinery  
  83  8:18  Missile Turret  
  83  8:19  Refinery, Missile Turret  
  83  8:20  Missile Turret  
  83  8:22  Terran Ship Weapons Level 1, Terran Vehicle And Ship Armor Level 1  
  83  8:23  SCV  
  83  8:24  Barracks Reactor, SCV x2  
  86  8:30  Planetary Fortress  
  86  8:36  SCV x3  
  89  8:48  SCV x2  
  91  8:52  Starport  
  91  9:04  SCV x2  
  91  9:05  SCV x2  
  91  9:06  Refinery  
  91  9:07  Command Center  
  91  9:09  Missile Turret  
  95  9:10  Refinery, Siege Tank  
  95  9:12  Missile Turret  
  95  9:13  SCV  
  95  9:16  SCV  
  95  9:17  SCV x2  
  102  9:29  Factory  
  102  9:31  Factory  
  102  9:35  Hi-Sec Auto Tracking  
  102  9:40  Viking x3  
  102  9:45  Refinery, SCV x3, Barracks Tech Lab  
  111  10:10  SCV x4  
  111  10:12  Refinery, Missile Turret  
  111  10:13  Missile Turret x2  
  111  10:14  Missile Turret x2  
  115  10:16  Terran Vehicle Weapons Level 1  
  115  10:17  Missile Turret, Command Center  
  115  10:18  Planetary Fortress  
  115  10:19  SCV  
  115  10:21  Supply Depot  
  115  10:22  SCV x3  
  116  10:29  Factory Reactor  
  116  10:31  Planetary Fortress  
  115  10:42  SCV  
  115  10:43  SCV, Command Center  
  115  10:47  SCV x2  
  114  10:55  Liberator x2, SCV  
  114  10:56  Liberator x4  
  130  11:16  SCV x3  
  133  11:34  SCV  
  134  11:44  Liberator x3  
  134  11:45  Liberator x2  
  149  11:54  SCV x2  
  151  11:57  Planetary Fortress  
  144  12:02  Factory Reactor  
  134  12:28  Liberator x2  
  127  12:52  Command Center  
  127  12:59  SCV x5  
  132  13:10  Orbital Command, Starport  
  132  13:11  SCV  
  133  13:14  Command Center  
  134  13:20  SCV x4  
  136  13:32  Liberator x4  
  144  13:53  Liberator  
  144  13:54  Starport Tech Lab  
  144  14:04  Liberator, SCV x5  
  144  14:05  Barracks Reactor, Command Center  
  152  14:25  Viking x2, SCV x6  
  162  14:33  Widow Mine x2  
  162  14:37  SCV  
  167  14:41  Planetary Fortress  
  167  14:49  Widow Mine, SCV, Supply Depot  
  167  14:50  Supply Depot  
  167  14:51  Viking, Widow Mine, SCV x2  
  167  14:52  Widow Mine, SCV  
  167  15:07  Liberator, SCV x2  
  167  15:08  Widow Mine, SCV  
  167  15:10  Widow Mine, Liberator, SCV x3  
  167  15:12  Supply Depot  
  183  15:16  Supply Depot  
  183  15:17  Supply Depot x2  
  183  15:19  Supply Depot  
  183  15:20  SCV  
  184  15:22  Sensor Tower, SCV x2  
  184  15:25  Armory  
  184  15:26  Armory  
  184  15:28  Planetary Fortress  
  186  15:32  SCV  
  186  15:34  SCV  
  188  15:37  Command Center  
  188  15:40  Missile Turret  
  188  15:41  Missile Turret  
  188  15:43  Missile Turret  
  188  15:44  Missile Turret  
  188  15:45  Supply Depot x2  
  183  15:55  Viking x4  
  176  15:57  SCV x4  
  163  16:09  SCV x4  
  154  16:16  Terran Vehicle And Ship Armor Level 2, Terran Ship Weapons Level 2  
  154  16:25  Command Center  
  154  16:28  Command Center  
  154  16:34  SCV x3  
  157  16:50  Planetary Fortress  
  157  16:54  Starport Tech Lab  
  157  16:59  Drilling Claws  
  157  17:03  Planetary Fortress  
  157  17:04  SCV x2  
  157  17:05  SCV x3  
  162  17:19  Refinery  
  162  17:22  Refinery  
  162  17:23  SCV x2  
  162  17:24  SCV x3  
  162  17:25  Supply Depot  
  162  17:26  Command Center  
  162  17:28  Missile Turret  
  162  17:29  Supply Depot  
  167  17:30  Missile Turret x2  
  167  17:31  Missile Turret x2  
  167  17:35  Missile Turret, SCV x2  
  167  17:36  SCV  
  170  17:46  Supply Depot  
  170  17:49  Widow Mine x3  
  170  17:50  Widow Mine x2  
  180  17:56  Raven  
  180  17:57  Viking x3  
  185  18:10  Widow Mine  
  185  18:11  Widow Mine x2  
  169  18:19  Widow Mine  
  146  18:20  Widow Mine  
  136  18:27  Viking  
  136  18:32  Widow Mine x2  
  141  18:43  Factory x2  
  141  18:45  Starport  
  141  18:47  Starport  
  133  18:58  Barracks  
  133  19:01  Planetary Fortress  
  119  19:05  SCV  
  119  19:06  Planetary Fortress  
  119  19:09  SCV x3  
  112  19:10  SCV  
  112  19:20  Refinery  
  112  19:21  SCV x3  
  112  19:22  Refinery  
  111  19:24  Starport Reactor x2  
  111  19:26  Factory Tech Lab  
  111  19:28  Factory Reactor  
  102  19:34  Factory Reactor  
  102  19:37  Planetary Fortress  
  99  19:49  Engineering Bay  
  99  19:55  Starport  
  99  19:56  Starport  
  99  19:58  Factory  
  99  20:00  Factory  
  99  20:03  Viking x4  
  107  20:10  Planetary Fortress  
  107  20:12  SCV x2  
  107  20:13  SCV x2  
  107  20:14  SCV x2  
  108  20:24  SCV x2  
  108  20:25  SCV  
  108  20:26  SCV x3  
  103  20:33  Viking x4  
  105  20:37  Missile Turret  
  105  20:38  Missile Turret  
  105  20:41  Missile Turret  
  91  20:43  Missile Turret  
  91  20:44  Missile Turret  
  91  20:45  Refinery, SCV  
  91  20:46  SCV x2  
  91  20:47  Viking, Refinery  
  92  21:03  Viking x4, Widow Mine x2  
  92  21:04  Widow Mine x3, Missile Turret  
  107  21:07  Missile Turret  
  107  21:11  Missile Turret  
  107  21:13  Missile Turret, SCV x3  
  107  21:14  SCV  
  112  21:24  Missile Turret  
  112  21:25  Hellion, Widow Mine x3, SCV x2  
  111  21:33  Viking x4  
  115  21:40  Missile Turret  
  115  21:46  Widow Mine x4  
  123  21:54  Command Center  
  123  21:59  Missile Turret x2  
  120  22:01  Missile Turret  
  120  22:02  Missile Turret x2  
  120  22:03  Viking x4  
  120  22:05  Missile Turret x2  
  120  22:07  Widow Mine  
  120  22:08  Widow Mine x2  
  117  22:29  Barracks Reactor  
  115  22:33  Viking x4  
  115  22:34  Starport  
  111  22:45  Widow Mine x3  
  111  22:46  Widow Mine  
  111  22:51  Refinery, Missile Turret  
  119  22:52  Command Center  
  119  22:53  Refinery  
  119  22:54  Missile Turret x3  
  119  22:58  Factory  
  119  23:02  Viking  
  119  23:03  Viking x3  
  127  23:07  Planetary Fortress  
  127  23:09  Widow Mine x3, Starport  
  133  23:15  Refinery  
  133  23:19  Viking  
  135  23:30  Missile Turret  
  135  23:32  Viking  
  135  23:33  Viking x3, Missile Turret  
  142  23:35  Missile Turret  
  138  23:41  Widow Mine  
  138  23:47  Viking  
  120  23:49  Viking  
  120  23:51  Widow Mine  
  104  23:56  Widow Mine x2  
  104  24:02  Viking x2, SCV  
  100  24:03  Viking x2  
  100  24:06  Widow Mine  
  109  24:15  Factory Reactor  
  107  24:17  Viking  
  107  24:19  Viking  
  107  24:22  Starport  
  110  24:27  Widow Mine x2  
  110  24:28  Widow Mine  
  116  24:32  Viking x2  
  116  24:33  Viking x2, Planetary Fortress  
  124  24:39  Hellion  
  102  24:54  SCV x2  
Show
View Real Time Build Order
Export as new Build Order

Zharghar Zerg - Winner!

Build Orders: Hatch First 

Get SALT Encoding   

  12  0:00  Drone  
  13  0:13  Overlord  
  13  0:17  Drone  
  14  0:21  Extractor  
  14  0:23  Drone  
  15  0:31  Drone  
  16  0:49  Hatchery  
  15  0:52  Drone  
  15  0:56  Drone  
  17  0:59  Drone  
  18  1:07  Extractor  
  17  1:15  Spawning Pool  
  16  1:18  Drone  
  16  1:22  Drone  
  18  1:28  Drone  
  19  1:39  Drone  
  20  1:50  Drone  
  21  2:02  Queen x2  
  21  2:03  Zergling x4  
  27  2:13  Drone  
  27  2:14  Overlord  
  28  2:30  Hatchery  
  28  2:34  Drone x2  
  28  2:35  Drone  
  30  2:37  Drone  
  31  2:49  Queen  
  31  2:51  Metabolic Boost  
  33  2:57  Overlord  
  33  3:03  Queen  
  35  3:07  Drone  
  36  3:21  Drone x6  
  36  3:22  Drone  
  43  3:39  Drone  
  44  3:41  Queen  
  44  3:42  Overlord  
  44  3:44  Overlord  
  44  3:46  Queen  
  48  3:51  Drone  
  48  3:52  Drone, Extractor  
  48  3:53  Drone  
  50  4:00  Drone  
  50  4:01  Drone  
  52  4:05  Spore Crawler  
  50  4:21  Spore Crawler  
  44  4:34  Spore Crawler  
  44  4:38  Drone x4  
  44  4:39  Drone x6  
  44  4:40  Drone  
  49  4:55  Queen  
  39  5:08  Drone x7  
  46  5:27  Drone x3  
  40  5:28  Evolution Chamber  
  40  5:29  Evolution Chamber  
  35  5:38  Queen  
  31  5:50  Drone x4  
  31  5:51  Spore Crawler  
  31  5:56  Queen  
  34  5:58  Drone  
  37  6:16  Spore Crawler  
  36  6:21  Drone x4  
  36  6:22  Drone x2  
  36  6:25  Extractor  
  41  6:26  Extractor  
  41  6:27  Drone x2  
  41  6:28  Drone x3  
  45  6:41  Zerg Missile Weapons Level 1, Zerg Ground Armor Level 1  
  45  6:52  Drone x3  
  45  6:53  Roach Warren, Drone x4  
  51  7:00  Overlord  
  51  7:01  Overlord  
  51  7:02  Drone  
  52  7:19  Lair  
  52  7:25  Drone x5  
  52  7:26  Drone x3  
  60  7:30  Spore Crawler  
  60  7:31  Spore Crawler  
  60  7:36  Overlord x2  
  58  7:37  Drone  
  58  7:38  Drone x3  
  62  7:45  Roach x2  
  68  7:58  Roach  
  68  7:59  Roach x7  
  82  8:21  Overlord x2  
  82  8:28  Hydralisk Den  
  81  8:40  Roach  
  81  8:41  Roach x3  
  89  8:44  Zerg Missile Weapons Level 2, Zerg Ground Armor Level 2  
  89  8:48  Glial Reconstitution  
  89  9:04  Overlord x3  
  89  9:05  Overlord  
  89  9:08  Grooved Spines  
  88  9:19  Extractor  
  88  9:20  Drone x3, Extractor  
  88  9:22  Drone  
  88  9:23  Drone x2  
  92  9:24  Drone  
  92  9:25  Drone, Extractor  
  92  9:27  Hatchery  
  92  9:30  Roach  
  92  9:31  Roach x7  
  108  9:32  Extractor  
  107  9:39  Hydralisk x2  
  107  9:45  Queen  
  113  9:46  Hydralisk x2  
  117  9:54  Hydralisk x2  
  121  10:06  Overlord x2  
  121  10:07  Overlord x3  
  121  10:11  Drone  
  122  10:19  Muscular Augments  
  122  10:26  Drone x3  
  126  10:28  Drone x2  
  126  10:29  Drone x5  
  132  10:44  Drone x4  
  132  10:45  Hydralisk  
  132  10:46  Hydralisk x3  
  143  11:05  Infestation Pit  
  143  11:07  Lurker Den  
  117  11:34  Roach x13, Hydralisk x2  
  117  11:35  Roach x3, Hydralisk x6  
  165  11:47  Hive  
  165  12:14  Hatchery, Extractor  
  145  12:18  Extractor  
  145  12:19  Swarm Host  
  145  12:20  Roach  
  145  12:21  Roach x7, Hydralisk x8  
  157  12:22  Roach  
  157  12:23  Roach x4  
  155  12:42  Drone x3  
  155  12:43  Drone x3  
  143  12:54  Drone x2  
  143  12:55  Drone x2  
  147  12:59  Spire  
  146  13:11  Zerg Ground Armor Level 3, Zerg Missile Weapons Level 3  
  103  13:52  Hydralisk x12  
  103  13:53  Hydralisk x14  
  139  14:35  Roach  
  139  14:36  Roach x14  
  157  14:57  Queen  
  157  14:59  Drone x4  
  164  15:00  Drone  
  164  15:03  Hatchery  
  164  15:04  Extractor x2  
  161  15:28  Drone x5  
  165  15:29  Overlord  
  165  15:30  Overlord x4  
  165  15:32  Zerg Flyer Weapons Level 1  
  140  16:09  Overseer  
  140  16:10  Overseer  
  140  16:17  Zergling x2  
  119  16:35  Swarm Host  
  119  16:36  Roach x10, Hydralisk x5  
  119  16:37  Hydralisk x3  
  158  17:03  Zergling x2  
  159  17:10  Roach  
  159  17:11  Roach x16  
  193  17:26  Zerg Flyer Armor Level 1  
  190  17:40  Drone  
  190  17:41  Drone  
  190  17:42  Drone  
  190  17:43  Drone x7  
  174  18:44  Hydralisk  
  174  18:47  Mutalisk  
  174  18:48  Mutalisk x14  
  192  19:14  Overseer x2  
  192  19:17  Mutalisk x4  
  191  19:55  Mutalisk  
  191  19:56  Mutalisk x3  
  199  20:03  Zerg Flyer Weapons Level 2  
  197  20:36  Hatchery  
  178  20:45  Mutalisk  
  178  20:46  Mutalisk x11  
  196  21:03  Mutalisk x2  
  134  22:35  Roach  
  134  22:36  Roach x24  
  134  22:37  Roach x8  
  168  22:53  Hydralisk x7  
  168  22:58  Greater Spire  
  182  23:04  Extractor  
  181  23:07  Extractor  
  170  23:25  Overseer x4  
  170  23:29  Pneumatized Carapace  
  170  23:30  Hatchery  
  123  23:51  Roach x2, Hydralisk  
  123  23:52  Roach x8, Hydralisk x12  
  123  23:53  Hydralisk x4  
  161  24:05  Hatchery  
Tags
 
Add a new tag
Caveats
  • Supply blocks, unpowered buildings, or Contaminate may cause inaccurate times.
  • Supply counts are checked every 10 seconds.